Map: Hardwire LE

Players

TLHarstem (Harstem) - Winner!

  • Race: Protoss Protoss
  • League: Master

HeroMarine

  • Race: Terran Terran
  • League: Master

Event: DreamHack SC2 Masters Last Chance 2022

VOD

Have the link to the VOD?

Description

Time

  • Played on: Dec. 17, 2021, 12:41 p.m.
  • Length: 11:02

All games in this series

Show
View Real Time Build Order
Export as new Build Order

TLHarstem Protoss - Winner!

Build Orders: 1 Gate Expand, Blink Stalkers, Zealot Archon 

Get SALT Encoding   

  12  0:00  Probe  
  13  0:12  Probe  
  14  0:17  Pylon  
  14  0:25  Probe (Chrono Boost)  
  15  0:35  Gateway  
  15  0:37  Probe (Chrono Boost)  
  16  0:43  Assimilator  
  16  0:46  Probe (Chrono Boost)  
  17  0:52  Probe  
  18  1:04  Probe  
  19  1:16  Probe  
  20  1:23  Cybernetics Core  
  20  1:35  Nexus  
  20  1:41  Pylon  
  20  1:44  Probe  
  21  1:49  Assimilator  
  21  1:56  Adept (Chrono Boost), Probe  
  24  2:02  Warp Gate  
  24  2:08  Probe  
  25  2:17  Adept (Chrono Boost)  
  28  2:22  Probe  
  28  2:25  Twilight Council  
  28  2:35  Probe  
  29  2:38  Gateway  
  29  2:47  Stalker  
  31  2:53  Probe  
  31  2:55  Probe  
  33  2:58  Blink (Chrono Boost)  
  33  3:05  Probe  
  34  3:07  Probe  
  35  3:17  Probe  
  36  3:22  Probe  
  37  3:29  Probe  
  37  3:30  Pylon  
  37  3:34  Probe  
  39  3:43  Probe  
  39  3:45  Nexus  
  39  3:47  Probe  
  41  3:51  Sentry  
  41  3:54  Stalker  
  44  4:01  Probe x2  
  44  4:07  Pylon  
  44  4:09  Phoenix  
  44  4:13  Probe  
  44  4:14  Stalker  
  44  4:16  Probe  
  48  4:19  Forge  
  48  4:23  Stalker  
  50  4:25  Probe  
  50  4:28  Probe  
  52  4:37  Probe  
  53  4:39  Charge  
  53  4:40  Stalker, Probe  
  53  4:44  Protoss Ground Armor Level 1 (Chrono Boost)  
  56  4:49  Probe  
  56  4:51  Stalker  
  55  4:53  Probe  
  55  4:58  Probe  
  57  5:01  Probe  
  57  5:06  Probe  
  60  5:15  Gateway, Probe  
  60  5:16  Gateway  
  60  5:18  Gateway, Probe  
  60  5:20  Sentry  
  63  5:23  Probe  
  63  5:27  Probe  
  65  5:30  Probe  
  67  5:40  Probe  
  67  5:41  Pylon  
  67  5:43  Gateway  
  67  5:45  Probe  
  67  5:46  Gateway  
  67  5:47  Gateway  
  67  5:48  Probe  
  69  5:52  Probe, Pylon  
  69  5:53  Stalker  
  73  5:57  Probe  
  73  6:00  Probe  
  73  6:04  Probe  
  75  6:06  Zealot  
  75  6:09  Probe  
  78  6:11  Pylon  
  78  6:12  Gateway  
  78  6:15  Zealot x2  
  78  6:17  Templar Archives  
  82  6:21  Assimilator  
  82  6:26  Probe  
  82  6:27  Zealot x3  
  82  6:32  Probe, Pylon  
  90  6:34  Probe  
  90  6:37  Shield Battery  
  90  6:39  Zealot x2, Protoss Ground Armor Level 2 (Chrono Boost)  
  94  6:43  Zealot, Sentry  
  98  6:48  Pylon  
  97  6:55  Stalker  
  97  6:58  Zealot x3  
  105  7:04  Probe  
  102  7:08  Zealot x4  
  102  7:09  Probe  
  111  7:20  Probe  
  111  7:21  Probe  
  111  7:22  Pylon  
  113  7:23  Stalker  
  113  7:27  Pylon  
  113  7:28  Zealot  
  117  7:35  Pylon x2  
  117  7:41  High Templar x2  
  117  7:42  Zealot x2  
  125  7:45  Archon, Pylon  
  125  7:48  Zealot x4, Pylon  
  131  7:55  Zealot  
  131  7:56  Probe  
  131  7:57  Probe  
  135  8:15  Nexus  
  135  8:17  Zealot x5  
  135  8:18  Zealot x2  
  139  8:24  Probe  
  130  8:29  Zealot x2  
  120  8:36  Probe  
  113  8:42  Zealot x7  
  113  8:44  Probe, Protoss Ground Weapons Level 1 (Chrono Boost)  
  113  8:47  Probe  
  110  8:54  Zealot  
  110  8:55  Zealot  
  100  8:56  Probe  
  100  9:02  Probe  
  94  9:09  High Templar x4  
  92  9:10  Zealot x3  
  92  9:15  Probe  
  92  9:16  Gateway, Pylon  
  99  9:17  Gateway  
  99  9:22  Archon  
  99  9:23  Zealot x2  
  99  9:32  Zealot x3  
  99  9:33  Archon  
  104  9:41  Zealot x4  
  110  9:50  Zealot x4  
  112  9:56  Zealot  
  112  9:59  Zealot x2  
  110  10:04  Stalker  
  110  10:05  Stalker  
  110  10:06  Probe  
  115  10:08  Forge  
  115  10:12  Robotics Facility  
  116  10:14  High Templar  
  116  10:15  Zealot, High Templar  
  116  10:16  Zealot x3  
  116  10:17  Zealot  
  116  10:19  Archon  
  116  10:20  Zealot, Sentry  
  131  10:35  Zealot x2  
  129  10:41  Zealot x3  
  129  10:42  Zealot x3  
  129  10:44  Zealot  
  123  10:52  Zealot x2  
  123  10:56  Stalker x2  
  132  11:00  Nexus  
Show
View Real Time Build Order
Export as new Build Order

HeroMarine Terran 

Build Orders:  

Get SALT Encoding   

  12  0:00  SCV  
  13  0:12  SCV  
  14  0:17  Supply Depot  
  14  0:24  SCV  
  15  0:38  SCV  
  15  0:39  Barracks  
  16  0:43  Refinery  
  16  0:50  SCV  
  17  1:03  SCV  
  18  1:15  SCV  
  19  1:26  Marine  
  19  1:27  Orbital Command  
  20  1:41  Command Center  
  20  1:44  Reaper  
  21  1:53  Supply Depot  
  21  1:55  SCV  
  22  2:07  SCV  
  23  2:09  Factory  
  23  2:18  Bunker  
  23  2:19  SCV  
  23  2:22  Barracks Reactor  
  24  2:28  Refinery  
  24  2:31  SCV  
  25  2:43  SCV  
  26  2:54  Hellion, Orbital Command  
  26  2:55  SCV  
  26  2:56  Starport  
  29  2:59  Marine  
  29  3:02  Marine  
  31  3:08  SCV  
  32  3:15  Widow Mine  
  32  3:17  Marine  
  35  3:20  SCV, Marine  
  35  3:21  SCV  
  35  3:25  Supply Depot  
  38  3:32  SCV, Medivac  
  38  3:33  SCV  
  42  3:36  Marine  
  42  3:38  Widow Mine, Marine  
  46  3:47  SCV x2  
  48  3:54  Marine  
  49  3:56  Marine  
  49  3:59  SCV x2  
  49  4:02  Factory Tech Lab, Starport Tech Lab  
  50  4:03  Barracks  
  50  4:08  Supply Depot  
  49  4:11  SCV x2  
  53  4:18  Refinery, Barracks  
  53  4:23  SCV  
  54  4:25  SCV, Engineering Bay  
  54  4:27  Marine  
  54  4:29  Raven, Marine  
  57  4:32  Supply Depot  
  57  4:35  SCV  
  57  4:37  SCV  
  59  4:38  Siege Tank  
  62  4:45  Marine  
  62  4:47  Marine  
  62  4:51  SCV x2  
  62  4:55  Terran Infantry Weapons Level 1  
  62  4:56  Supply Depot  
  60  5:03  SCV x2, Marine  
  60  5:05  Marine  
  64  5:08  Command Center  
  64  5:15  SCV x2  
  64  5:17  Stimpack  
  64  5:18  Marine x2  
  68  5:21  Marine  
  68  5:22  Factory Reactor, Starport Reactor  
  68  5:23  Marine  
  68  5:26  Refinery  
  68  5:27  Supply Depot  
  70  5:29  Combat Shield  
  70  5:33  SCV x2  
  72  5:36  Marine x2  
  72  5:39  Marine  
  72  5:41  Marine  
  76  5:44  Supply Depot  
  76  5:50  Barracks  
  76  5:51  Barracks  
  76  5:52  SCV x2  
  77  5:58  Medivac x2  
  77  5:59  Widow Mine x2  
  85  6:04  SCV  
  85  6:05  SCV  
  85  6:07  Marauder x2  
  85  6:10  Marine x2  
  93  6:15  Supply Depot  
  93  6:17  SCV  
  93  6:18  SCV  
  95  6:22  Widow Mine x2  
  99  6:28  Marauder x2, Orbital Command  
  99  6:30  Marine x2  
  105  6:36  Medivac  
  105  6:37  Medivac  
  105  6:38  SCV  
  109  6:41  SCV  
  109  6:45  Barracks Reactor, Barracks Tech Lab  
  110  6:47  Widow Mine x2  
  110  6:48  Marine  
  110  6:50  SCV  
  110  6:53  Orbital Command  
  110  6:54  Marauder  
  118  6:56  Marine x2  
  118  7:00  SCV  
  121  7:07  Marauder, Marine  
  125  7:14  Marine  
  125  7:16  Supply Depot  
  125  7:18  Supply Depot x2, Terran Infantry Armor Level 1  
  125  7:30  Missile Turret  
  125  7:31  Supply Depot  
  125  7:33  Refinery x2  
  125  7:37  SCV x3  
  125  7:38  Widow Mine x2  
  125  7:40  Marine x3  
  125  7:41  Marine  
  125  7:42  Marauder x2  
  125  7:44  Marauder  
  142  7:48  Medivac x2  
  142  7:49  SCV  
  142  7:51  SCV x2  
  149  8:02  SCV  
  149  8:03  Marauder x2, SCV x2  
  156  8:05  Marine  
  156  8:06  Marine x2  
  156  8:07  Marauder, Marine  
  155  8:14  SCV  
  155  8:15  SCV x2  
  140  8:24  Marine x2  
  140  8:25  Marauder x2, Marine  
  140  8:26  Marine  
  127  8:28  Marine  
  98  8:42  Marine x2  
  98  8:43  Marine x2  
  98  8:45  Marine x2  
  98  8:46  Marine  
  79  9:00  Marine x2  
  79  9:01  Marine x2  
  77  9:03  Marine x3  
  77  9:09  Widow Mine  
  79  9:10  Widow Mine, SCV x3  
  79  9:11  Medivac  
  79  9:14  Medivac  
  85  9:17  Marine  
  85  9:18  Marine  
  85  9:19  Marine x2  
  85  9:21  Marine x3  
  85  9:22  SCV x2  
  85  9:23  Concussive Shells  
  94  9:25  SCV  
  95  9:34  SCV x2  
  95  9:35  Marine x2  
  95  9:37  SCV, Marine x2  
  102  9:39  Marauder x2, Marine  
  104  9:46  SCV x2  
  104  9:49  SCV  
  97  9:53  Marine x2  
  97  9:55  Marine x2  
  97  9:57  Marauder  
  97  9:58  SCV x2  
  97  10:00  Marine x2  
  97  10:01  SCV  
  97  10:06  Medivac  
  101  10:07  Medivac  
  101  10:08  Widow Mine x2  
  101  10:10  SCV x2  
  101  10:11  Armory, Marine x2  
  101  10:13  SCV  
  112  10:16  Marine x2  
  112  10:19  Marauder  
  112  10:20  Marauder  
  118  10:26  Marauder  
  120  10:29  Marine  
  120  10:30  Marine  
  120  10:35  Marine  
  120  10:36  Marine  
  120  10:40  Marauder  

Tags
 
Add a new tag
Caveats
  • Supply blocks, unpowered buildings, or Contaminate may cause inaccurate times.
  • Supply counts are checked every 10 seconds.